 Dungeon Crawl Stone Soup version 0.28.0-43-g3370ac3207 (webtiles) character file.

Game seed: 17507548755358589373

7437 silky the Spear-Bearer (level 10, -1/73 (79) HPs)
             Began as a Minotaur Chaos Knight on Mar 30, 2022.
             Was a Plaything of Xom.
             Slain by a yak (6 damage)
             ... on level 1 of the Lair of Beasts.
             The game lasted 00:45:26 (8955 turns).

silky the Spear-Bearer (Minotaur Chaos Knight)      Turns: 8955, Time: 00:45:26

HP:   -1/73 (79)    AC:  6    Str: 14 (16) XL:     10   Next: 93%
MP:   22/22         EV: 13    Int:  9 (11) God:    Xom [.*....]
Gold: 386           SH:  0    Dex: 10 (12) Spells: 8/15 levels left

rFire   + . .      SeeInvis +   x - +4 glaive of the Three Persimmons {vamp, rF+ Dex+5}
rCold   + + +      Faith    .   (shield currently unavailable)
rNeg    . . .      Spirit   .   n - +2 leather armour "Ixkellal" {-Tele rPois rC+++ MP+9}
rPois   +          Reflect  .   (helmet restricted)
rElec   .          Harm     .   (no cloak)
rCorr   +          Rampage  .   y - +0 pair of gloves
Will    .....      NoTele   +   p - +0 pair of boots
Stlth   ++........              s - amulet of regeneration
HPRegen 1.02/turn               i - ring of resist corrosion
MPRegen 0.18/turn               d - ring of see invisible

@: drained
A: horns 2, retaliatory headbutt, clumsy 2, deformed body, deterioration 2,
frail 1, weak 1
a: Renounce Religion


You were on level 1 of the Lair of Beasts.
You worshipped Xom.
You were a plaything of Xom.
You visited 2 branches of the dungeon, and saw 11 of its levels.

You collected 386 gold pieces.

Inventory:

Hand Weapons
 a - a +0 hand axe of chaos
 f - a +0 short sword of speed
 x - the +4 glaive of the Three Persimmons (weapon) {vamp, rF+ Dex+5}
   (You found it on level 6 of the Dungeon)

   It occasionally heals its wielder for a portion of the damage dealt when it
   wounds a living foe.
   Dex:       It affects your dexterity (+5).
   rF:        It protects you from fire.
 F - a +5 falchion
 I - the +5 dagger "Hiuli" {drain, rF+ rC+ rN+ Str+3}
   (You found it on level 9 of the Dungeon)

   A truly terrible weapon, it drains the life of any living foe it strikes.
   Str:       It affects your strength (+3).
   rF:        It protects you from fire.
   rC:        It protects you from cold.
   rN:        It protects you from negative energy.
Missiles
 k - 361 stones
Armour
 b - a +0 helmet
 m - a +0 hat
 n - the +2 leather armour "Ixkellal" (worn) {-Tele rPois rC+++ MP+9}
   (You found it on level 2 of the Dungeon)

   rC:        It renders you almost immune to cold.
   rPois:     It protects you from poison.
   MP:        It affects your magic capacity (+9).
   -Tele:     It prevents most forms of teleportation.
 p - a +0 pair of boots (worn)
 y - a +0 pair of gloves (worn)
Jewellery
 d - a ring of see invisible (right hand)
 i - a ring of resist corrosion (left hand)
 s - an amulet of regeneration (around neck)
 G - an amulet of the acrobat
Wands
 v - a wand of iceblast (5)
 C - a wand of charming (10)
Scrolls
 c - 5 scrolls of immolation
 e - a scroll of fog
 j - 2 scrolls of fear
 q - 3 scrolls of torment
 w - a scroll of magic mapping
 z - 3 scrolls of blinking
 A - a scroll of vulnerability {unknown}
 B - 2 scrolls of amnesia
 E - 2 scrolls of noise
 J - 2 scrolls of teleportation
 K - a scroll of brand weapon {unknown}
Potions
 g - 2 potions of berserk rage
 h - 3 potions of curing
 l - 3 potions of flight
 o - 6 potions of lignification
 r - a potion of attraction
 t - 3 potions of heal wounds
 u - 2 potions of haste
 D - a potion of degeneration {unknown}
 L - a potion of magic {unknown}


   Skills:
 + Level 7.8 Fighting
 + Level 1.5(1.9) Short Blades
 + Level 1.7(2.1) Long Blades
 + Level 7.2(9.5) Axes
 + Level 1.7(5.0) Maces & Flails
 + Level 9.4(10.6) Polearms
 + Level 1.7(6.3) Staves
 + Level 1.5(1.9) Slings
 + Level 1.5 Bows
 + Level 1.5 Crossbows
 + Level 1.3(1.7) Throwing
 + Level 5.3 Armour
 + Level 5.7 Dodging
 + Level 3.6 Stealth
 + Level 3.3 Shields
 + Level 1.5 Unarmed Combat
 + Level 3.0 Spellcasting
 + Level 1.0 Conjurations
 + Level 1.0 Hexes
 + Level 2.7 Summonings
 + Level 1.0 Necromancy
 + Level 1.0 Translocations
 + Level 1.1 Transmutations
 + Level 1.0 Fire Magic
 + Level 1.0 Ice Magic
 + Level 1.0 Air Magic
 + Level 1.1 Earth Magic
 + Level 1.3 Poison Magic
 + Level 1.3 Invocations
 + Level 2.6 Evocations


You had 8 spell levels left.
You knew the following spells:

 Your Spells              Type           Power      Damage    Failure   Level
a - Summon Small Mammal   Summ           24%        N/A       12%         1
b - Teleport Other        Tloc           3%         N/A       58%         3
c - Summon Guardian Gole  Hex/Summ       4%         N/A       45%         3

Your spell library contained the following spells:

 Spells                   Type           Power      Damage    Failure   Level
 Shock                    Conj/Air       12%        1d3       24%         1
 Poisonous Vapours        Pois/Air       6%         N/A       34%         2
 Corpse Rot               Necr/Air       6%         N/A       36%         2
 Ensorcelled Hibernation  Hex/Ice        6%         N/A       36%         2
 Call Canine Familiar     Summ           6%         N/A       36%         3
 Spider Form              Tmut/Pois      3%         N/A       54%         3
 Confusing Touch          Hex            3%         N/A       58%         3
 Gell's Gravitas          Tloc           3%         N/A       58%         3
 Lesser Beckoning         Tloc           3%         N/A       58%         3
 Swiftness                Air            3%         N/A       58%         3
 Airstrike                Air            1%         N/A       94%         4
 Anguish                  Hex/Necr       1%         N/A       94%         4
 Yara's Violent Unravell  Hex/Tmut       1%         3d3       100%        5
 Enfeeble                 Hex            1%         N/A       100%        7


Dungeon Overview and Level Annotations

Branches:
Dungeon (10/15)            Temple (0/1) D:6            Lair (1/6) D:8
    Orc (0/2) D:9

Altars:
Elyvilon
Fedhas
Gozag
Kikubaaqudgha
Qazlal
The Shining One

Shops:
D:2 (:*   D:10 :**==


Innate Abilities, Weirdness & Mutations

You have a pair of horns on your head.
You reflexively headbutt those who attack you in melee.
You are very clumsy. (Dex -4)
Armour fits poorly on your strangely shaped body.
Your body often deteriorates upon taking damage.
You are frail. (-10% HP)
You are weak. (Str -2)


Message History

There is an open door here.
There is a stone staircase leading up here.
You climb upwards.
There is a stone staircase leading down here.
Search for what [? for help]? lair
(D) Dungeon (T) Temple (L) Lair (O) Orcish Mines
Where to? (Enter - D:10 @ (x,y), ? - help) Unknown command.
You open the door.
There is an open door here.
There is a stone staircase leading up here.
You climb upwards.
There is a stone staircase leading down here.
There is an open door here.
There is a staircase to the Lair here.
You can't go up here!
You climb downwards.
Welcome back to the Lair of Beasts!
The eight-headed hydra bites you.
The eight-headed hydra closely misses you.
The eight-headed hydra bites you.
The eight-headed hydra bites you but does no damage.
The eight-headed hydra bites you!
The eight-headed hydra barely misses you. x2
The eight-headed hydra bites you! x2
Your body deteriorates!
You feel weakened.
The eight-headed hydra bites you but does no damage.
The eight-headed hydra closely misses you. x2
The eight-headed hydra bites you!
* * * LOW HITPOINT WARNING * * *
Your body deteriorates!
You feel dopey. The eight-headed hydra bites you.
* * * LOW HITPOINT WARNING * * *
The eight-headed hydra bites you!
* * * LOW HITPOINT WARNING * * *
Your body deteriorates!
You feel clumsy.
The eight-headed hydra closely misses you.
There is a staircase back to the Dungeon, spattered with blood here.
The yak gores you.
You die...
Xom cackles wildly!

## ### ###.###
#... ......
#... .... #...
... #..####.#
#....##.#
##......@#
#......DY#
#...'...F# ..
##...#Y#.# ...
#..##'#+#....
#............
#............
##............
#.............


You could see an eight-headed hydra, 2 yaks and a cane toad.

Vanquished Creatures
  Erica (D:8)
  A boulder beetle (D:8)
  A two-headed ogre (D:10)
  Pikel (D:5)
  Maurice (D:8)
  A komodo dragon (Lair:1)
  A troll (D:10)
  A hornet (D:9)
  Sigmund (D:6)
  5 yaks
  3 water moccasins
  3 orc warriors
  2 ice beasts
  An ogre (D:5)
  2 black bears
  2 centaurs
  A wolf (Lair:1)
  A kobold brigand (D:6)
  3 bullfrogs
  A wyvern zombie (D:7)
  2 scorpions
  A water moccasin zombie (D:6)
  10 wights
  4 howler monkeys
  3 centaur zombies
  2 bullfrog zombies (D:6)
  9 orc priests
  A hound (D:8)
  A bullfrog skeleton (D:5)
  3 iguanas
  7 orc wizards
  A killer bee zombie (D:9)
  6 adders
  A white imp (D:7)
  2 worms
  2 dart slugs (D:2)
  37 orcs
  2 bats
  2 bat zombies (D:6)
  5 endoplasms
  A giant cockroach (D:3)
  5 goblins
  5 hobgoblins
  7 jackals
  6 quokkas
  7 ball pythons
  A frilled lizard (D:1)
  14 kobolds
  7 rats
  A rat zombie (D:6)
188 creatures vanquished.

Vanquished Creatures (collateral kills)
  An orc priest (D:6)
  A kobold (D:6)
2 creatures vanquished.

Vanquished Creatures (others)
  7 plants
7 creatures vanquished.

Grand Total: 197 creatures vanquished

Notes
Turn   | Place    | Note
-------+----------+-------------------------------------------
     0 | D:1      | silky the Minotaur Chaos Knight began the quest for the
                  | Orb.
     0 | D:1      | Reached XP level 1. HP: 19/19 MP: 0/0
   222 | D:1      | Reached XP level 2. HP: 27/27 MP: 1/1
   304 | D:1      | XOM: cloud trail
   326 | D:1      | XOM: silly message
   329 | D:1      | Found a faded altar of an unknown god.
  1142 | D:1      | XOM: god gift: 17 stones
  1467 | D:2      | XOM: stealth player
  1810 | D:2      | Identified the +2 leather armour "Ixkellal" {-Tele rPois
                  | rC+++ MP+9}
  1907 | D:2      | Reached XP level 3. HP: 27/33 MP: 2/2
  2111 | D:2      | Found Mamih's Antique Weapon Emporium.
  2239 | D:2      | XOM: give mutations
  2239 | D:2      | Gained mutation: Your skin changes colour to match your
                  | surroundings (Stealth+). [Xom's grace]
  2239 | D:2      | Gained mutation: You have a beak for a mouth. [Xom's grace]
  2239 | D:2      | Gained mutation: Your natural rate of healing is unusually
                  | fast. [Xom's grace]
  2239 | D:2      | Gained mutation: You are agile. (Dex +2) [Xom's grace]
  2250 | D:2      | Found Emadeomp's Book Shop.
  2324 | D:2      | Found Mouwk's Assorted Antiques.
  2564 | D:2      | Reached skill level 5 in Axes
  2709 | D:2      | Reached skill level 1 in Short Blades
  2709 | D:2      | Reached skill level 1 in Long Blades
  2709 | D:2      | Reached skill level 1 in Maces & Flails
  2709 | D:2      | Reached skill level 1 in Polearms
  2709 | D:2      | Reached skill level 1 in Staves
  2709 | D:2      | Reached skill level 1 in Slings
  2709 | D:2      | Reached skill level 1 in Bows
  2709 | D:2      | Reached skill level 1 in Crossbows
  2709 | D:2      | Reached skill level 1 in Throwing
  2709 | D:2      | Reached skill level 1 in Stealth
  2709 | D:2      | Reached skill level 1 in Unarmed Combat
  2709 | D:2      | Reached skill level 1 in Conjurations
  2709 | D:2      | Reached skill level 1 in Summonings
  2709 | D:2      | Reached skill level 1 in Necromancy
  2709 | D:2      | Reached skill level 1 in Translocations
  2709 | D:2      | Reached skill level 1 in Transmutations
  2709 | D:2      | Reached skill level 1 in Fire Magic
  2709 | D:2      | Reached skill level 1 in Ice Magic
  2709 | D:2      | Reached skill level 1 in Air Magic
  2709 | D:2      | Reached skill level 1 in Earth Magic
  2709 | D:2      | Reached skill level 1 in Poison Magic
  2709 | D:2      | Reached skill level 1 in Invocations
  2709 | D:2      | Reached skill level 1 in Evocations
  2709 | D:2      | Reached XP level 4. HP: 41/41 MP: 4/4
  2736 | D:3      | Reached XP level 5. HP: 47/47 MP: 5/5
  3132 | D:3      | Learned a level 1 spell: Summon Small Mammal
  3611 | D:4      | XOM: polymorph orc -> adder
  3652 | D:4      | Reached XP level 6. HP: 55/55 MP: 6/6
  3827 | D:4      | Found a blossoming altar of Fedhas.
  4317 | D:5      | Entered Level 5 of the Dungeon
  4390 | D:5      | Reached skill level 1 in Spellcasting
  4411 | D:5      | XOM: divination: detect items
  4516 | D:5      | Noticed a steam dragon
  4517 | D:5      | Noticed an orc warrior
  4520 | D:5      | XOM: divination: magic mapping
  4595 | D:5      | Noticed Pikel
  4601 | D:5      | XOM: confuse monster(s)
  4604 | D:5      | Killed Pikel
  4605 | D:5      | Reached skill level 5 in Fighting
  4605 | D:5      | Reached XP level 7. HP: 53/61 MP: 8/8
  4818 | D:6      | Reached XP level 8. HP: 66/68 MP: 9/9
  4996 | D:6      | Found an ancient bone altar of Kikubaaqudgha.
  5041 | D:6      | XOM: cloud trail
  5084 | D:6      | XOM: divination: detect items
  5145 | D:6      | Noticed Sigmund
  5148 | D:6      | XOM: enchant monster (good)
  5175 | D:6      | Killed Sigmund
  5209 | D:6      | Found a staircase to the Ecumenical Temple.
  5250 | D:6      | Identified the +4 glaive of the Three Persimmons {vamp, rF+
                  | Dex+5}
  5250 | D:6      | XOM: silly message
  5258 | D:6      | XOM: summons friendly white imp
  5358 | D:6      | XOM: potion effect (curing)
  5363 | D:6      | Reached skill level 2 in Polearms
  5753 | D:7      | XOM: enchant monster (bad)
  5801 | D:7      | Reached XP level 9. HP: 75/75 MP: 12/12
  5805 | D:7      | Reached skill level 3 in Polearms
  5823 | D:7      | Reached skill level 4 in Polearms
  5862 | D:7      | You fall into a shaft and drop 1 floor!
  5879 | D:8      | XOM: swap monsters
  5892 | D:8      | Noticed a boulder beetle
  6072 | D:7      | Reached skill level 5 in Polearms
  6324 | D:8      | Found an opulent altar of Gozag.
  6329 | D:8      | Found an opulent altar of Gozag.
  6329 | D:8      | Found an opulent altar of Gozag.
  6340 | D:8      | Found an opulent altar of Gozag.
  6354 | D:8      | Noticed Erica
  6451 | D:8      | Found a staircase to the Lair.
  6483 | D:8      | XOM: stat loss: -1 Dex (17/18)
  6528 | D:8      | Killed a boulder beetle
  6529 | D:8      | Reached skill level 6 in Polearms
  6623 | D:8      | Noticed Maurice
  6627 | D:8      | XOM: noise
  6633 | D:8      | Killed Maurice
  6689 | D:8      | XOM: give mutation
  6689 | D:8      | Lost mutation: You are agile. (Dex +2) [Xom's mischief]
  6702 | D:8      | Killed Erica
  6703 | D:8      | Reached skill level 7 in Polearms
  6703 | D:8      | Reached skill level 5 in Armour
  6703 | D:8      | Reached skill level 5 in Dodging
  6703 | D:8      | Reached XP level 10. HP: 64/84 MP: 13/13
  6751 | D:8      | XOM: polymorph bullfrog -> hound
  6835 | D:8      | Found a stormy altar of Qazlal.
  7023 | Lair:1   | Entered Level 1 of the Lair of Beasts
  7050 | Lair:1   | XOM: give mutations
  7050 | Lair:1   | Lost mutation: Your skin changes colour to match your
                  | surroundings (Stealth+). [Xom's mischief]
  7050 | Lair:1   | Gained mutation: Your body sometimes deteriorates upon
                  | taking damage. [Xom's mischief]
  7072 | Lair:1   | Noticed an eight-headed hydra
  7081 | Lair:1   | Reached skill level 8 in Polearms
  7091 | Lair:1   | Noticed a cane toad
  7105 | Lair:1   | XOM: scenery: 1 doors open
  7135 | D:9      | Found a white marble altar of Elyvilon.
  7167 | D:9      | Identified the +5 dagger "Hiuli" {drain, rF+ rC+ rN+ Str+3}
  7379 | D:9      | XOM: give mutation
  7379 | D:9      | Gained mutation: You sometimes lose the ability to read
                  | scrolls when taking damage. [Xom's mischief]
  7380 | D:9      | XOM: give mutations
  7380 | D:9      | Gained mutation: You have a pair of large horns on your
                  | head. [Xom's mischief]
  7380 | D:9      | Gained mutation: You are weak. (Str -2) [Xom's mischief]
  7380 | D:9      | Lost mutation: You sometimes lose the ability to read
                  | scrolls when taking damage. [Xom's mischief]
  7380 | D:9      | Lost mutation: You have a pair of large horns on your head.
                  | [Xom's mischief]
  7412 | D:9      | Found a staircase to the Orcish Mines.
  7734 | D:9      | XOM: give mutations
  7734 | D:9      | Gained mutation: You are clumsy. (Dex -2) [Xom's mischief]
  7734 | D:9      | Gained mutation: You are very weak. (Str -4) [Xom's
                  | mischief]
  7734 | D:9      | Lost mutation: You have a beak for a mouth. [Xom's
                  | mischief]
  7734 | D:9      | Gained mutation: Your body often deteriorates upon taking
                  | damage. [Xom's mischief]
  7814 | D:9      | XOM: give mutations
  7814 | D:9      | Lost mutation: Your natural rate of healing is unusually
                  | fast. [Xom's mischief]
  7814 | D:9      | Gained mutation: You are very clumsy. (Dex -4) [Xom's
                  | mischief]
  8154 | D:10     | Entered Level 10 of the Dungeon
  8154 | D:10     | Found Umpiyk's Jewellery Emporium.
  8162 | D:10     | XOM: smoke on damage
  8164 | D:10     | Reached skill level 9 in Polearms
  8230 | D:10     | Found a glowing golden altar of the Shining One.
  8277 | D:10     | Learned a level 3 spell: Teleport Other
  8281 | D:10     | Learned a level 3 spell: Summon Guardian Golem
  8310 | D:10     | XOM is BORED!
  8310 | D:10     | XOM: summons 1 hostile shadow creature
  8351 | D:10     | Found Ihufirchy's Jewellery Shop.
  8403 | D:10     | Noticed a two-headed ogre
  8409 | D:10     | Killed a two-headed ogre
  8418 | D:10     | Found Forann's General Store.
  8481 | D:10     | XOM: give mutations
  8481 | D:10     | Gained mutation: Armour fits poorly on your strangely
                  | shaped body. [Xom's mischief]
  8481 | D:10     | Gained mutation: You are frail. (-10% HP) [Xom's mischief]
  8481 | D:10     | Lost mutation: You are very weak. (Str -4) [Xom's mischief]
  8527 | D:10     | Found Aju Ecymy's Book Shoppe.
  8541 | D:10     | XOM: divination: detect items
  8551 | D:10     | Found Fawnukh's Assorted Antiques.
  8695 | D:10     | Reached skill level 1 in Hexes
  8955 | Lair:1   | Slain by a yak

Illustrated notes

Levels and vault maps discovered:
D:1:      co_arrival_random_square_maze, layout_basic,
          hellmonk_ecumenical_altar_blasted, lexackson_kobold_supper
D:2:      layout_basic, serial_shops, shop, nicolae_lakefront_shop,
          nicolae_square_shop
D:3:      layout_basic
D:4:      layout_layer_cave, fedhas_ov_isle_minmay, wad_floor_pattern_1
D:5:      layout_rooms, lightli_corner_chamber, uniq_pikel
D:6:      minmay_klotski, layout_gridville, lemuel_zombie_altar_kikubaaqudgha,
          temple_doors_ab, roderic_roman_lattice, uniq_sigmund
D:7:      layout_cave_pools
D:8:      layout_basic, nicolae_gozag_conspicuous_consumption,
          grunt_qazlal_sundering, lair_entry_dummy, serial_glass,
          glass_columns_b, glass_columns_b, uniq_maurice, uniq_erica
D:9:      layout_loops_corners, mainiacjoe_overflow_paths, hiddenorc1_lemuel,
          roderic_lattice_a
D:10:     layout_roguey, mainiacjoe_overflow_brackets, serial_shops,
          kennysheep_mini, nicolae_diamond_shop, shop, shop, shop
Lair:1:   layout_regular_city, chequers_serial_rivers_small_a,
          grunt_megastairs_4

Skill      XL: |  1  2  3  4  5  6  7  8  9 10 |
---------------+-------------------------------+-----
Axes           | 4 5 6 7 |  7.2
Fighting       | 4 5 6 7 |  7.8
Short Blades   | 1 |  1.5
Long Blades    | 1 |  1.7
Maces & Flails | 1 |  1.7
Polearms       | 1 2 7 9 |  9.4
Staves         | 1 |  1.7
Slings         | 1 |  1.5
Bows           | 1 |  1.5
Crossbows      | 1 |  1.5
Throwing       | 1 |  1.3
Armour         | 3 4 5 |  5.3
Dodging        | 3 4 5 |  5.7
Stealth        | 1 2 3 |  3.6
Shields        | 3 |  3.3
Unarmed Combat | 1 |  1.5
Conjurations   | 1 |  1.0
Summonings     | 1 2 |  2.7
Necromancy     | 1 |  1.0
Translocations | 1 |  1.0
Transmutations | 1 |  1.1
Fire Magic     | 1 |  1.0
Ice Magic      | 1 |  1.0
Air Magic      | 1 |  1.0
Earth Magic    | 1 |  1.1
Poison Magic   | 1 |  1.3
Invocations    | 1 |  1.3
Evocations     | 1 2 |  2.6
Spellcasting   | 1 2 3 |  3.0
Hexes          | 1 |  1.0

Action                   |  1- 3 |  4- 6 |  7- 9 | 10-12 || total
-------------------------+-------+-------+-------+-------++-------
Melee: Hand axe          |   101 |    78 |    57 |       ||   236
       Headbutt          |    14 |    10 |    33 |    33 ||    90
       Punch             |     1 |     1 |     2 |       ||     4
       Peck              |     2 |     8 |    35 |    15 ||    60
       Glaive            |       |       |   104 |   127 ||   231
 Cast: Summon Small Mamm |       |    16 |     7 |     1 ||    24
       Summon Guardian G |       |       |       |     1 ||     1
Evoke: Wand              |       |     2 |    11 |     5 ||    18
  Use: Scroll            |     6 |     3 |     4 |     4 ||    17
       Potion            |     1 |       |       |       ||     1
 Stab: Petrified         |     2 |       |       |       ||     2
       Paralysed         |     1 |       |       |       ||     1
       Sleeping          |       |     3 |     2 |     3 ||     8
       Distracted        |       |     1 |     2 |       ||     3
Armor: Leather armour    |    15 |    22 |    75 |    27 ||   139
Dodge: Dodged            |    41 |    43 |   131 |   107 ||   322
